 Dungeon Crawl Stone Soup version 0.27.0-66-gdc8fb28755 (webtiles) character file.

Game seed: 4069421918375930416

1780 hilljack the Geomancer (level 9, -2/52 HPs)
             Began as a Gargoyle Fighter on Aug 20, 2021.
             Was a Believer of Vehumet.
             Slain by an ice beast (3 damage)
             ... on level 5 of the Dungeon.
             The game lasted 00:14:56 (7053 turns).

hilljack the Geomancer (Gargoyle Fighter)           Turns: 7053, Time: 00:14:57

Health: -2/52      AC: 20    Str: 21    XL:     9   Next: 8%
Magic:  18/18      EV:  9    Int: 15    God:    Vehumet [**....]
Gold:   439        SH:  9    Dex:  9    Spells: 19/20 levels left

rFire    . . .     SeeInvis .   a - +1 flail (protect)
rCold    . . .     Faith    .   c - +0 kite shield
rNeg     + + .     Spirit   .   u - +1 leather armour {rN+}
rPois    ∞         Reflect  .   t - +0 helmet
rElec    +         Harm     .   (no cloak)
rCorr    .         Rampage  .   m - +0 pair of gloves
Will     .....                  (no boots)
Stlth    +.........             (no amulet)
HPRegen  0.17/turn              (no ring)
MPRegen  0.16/turn              (no ring)

@: under a protective aura
A: sickness immunity, AC +6, negative energy resistance 1, electricity
resistance, torment resistance 1, petrification resistance, clever 2
a: Renounce Religion


You were on level 5 of the Dungeon.
You worshipped Vehumet.
Vehumet was pleased with you.
You visited 1 branch of the dungeon, and saw 6 of its levels.
You also visited: Sewer.

You collected 439 gold pieces.

Inventory:

Hand Weapons
 a - a +1 flail of protection (weapon)
 b - a +0 hand crossbow
 l - a +0 dagger of venom
 o - a +0 flail
Missiles
 g - 168 stones (quivered)
 i - 98 bolts
 k - 18 poisoned darts
Armour
 c - a +0 kite shield (worn)
 h - a +0 robe of resistance
 m - a +0 pair of gloves (worn)
 t - a +0 helmet (worn)
 u - a +1 leather armour of positive energy (worn)
 y - a +2 robe of fire resistance
Wands
 d - a wand of flame (10)
 e - a wand of iceblast (1)
 B - a wand of polymorph (7)
Scrolls
 s - 2 scrolls of teleportation
 w - a scroll of amnesia
Potions
 p - 3 potions of flight
 q - 2 potions of heal wounds
 r - 2 potions of curing
 v - a potion of cancellation {unknown}
 x - 2 potions of invisibility {unknown}
 z - a potion of resistance {unknown}
 A - a potion of ambrosia {unknown}


   Skills:
 - Level 4.5 Fighting
 - Level 3.3 Maces & Flails
 - Level 4.6 Armour
 - Level 1.5 Dodging
 - Level 4.5 Shields
 + Level 6.0 Spellcasting
 + Level 8.0 Earth Magic


You had 19 spell levels left.
You knew the following spells:

 Your Spells              Type           Power      Damage    Failure   Level
a - Sandblast             Erth           56%        2d13      2%          1

Your spell library contained the following spells:

 Spells                   Type           Power      Damage    Failure   Level
 Foxfire                  Conj/Fire      16%        2x1d4     54%         1
 Leda's Liquefaction      Hex/Erth       8%         N/A       77%         4
 Petrify                  Tmut/Erth      16%        N/A       77%         4
 Call Canine Familiar     Summ           4%         N/A       89%         3
 Gell's Gravitas          Tloc           2%         N/A       89%         3
 Inner Flame              Hex/Fire       4%         N/A       89%         3
 Portal Projectile        Hex/Tloc       8%         N/A       89%         3
 Teleport Other           Tloc           4%         N/A       89%         3
 Borgnjor's Vile Clutch   Necr/Erth      8%         N/A       98%         5
 Dispersal                Tloc           2%         N/A       100%        6


Dungeon Overview and Level Annotations

Branches:
Dungeon (6/15)              Sewer (visited)
 Temple: D:4-7

Altars:
Fedhas
Nemelex Xobeh
Vehumet
Zin

Annotations:
D:5 2 runed translucent doors, Thatpatchoflichen's ghost, novice TrMo


Innate Abilities, Weirdness & Mutations

You are immune to sickness and miasma.
Your stone body is resilient. (AC +6)
You are immune to poison.
You resist negative energy. (rN+)
You are resistant to electric shocks. (rElec)
You are resistant to unholy torment.
You are immune to petrification.
Your mind is very acute. (Int +4)


Message History

An ice beast comes into view.
You closely miss the orc.
The orc is heavily wounded.
The orc completely misses you.
The ice beast hits you but does no damage.
The ice beast closely misses you.
The kobold throws a poisoned dart.
You block the poisoned dart. You block the orc's attack.
The kobold brigand throws a poisoned dart.
You block the poisoned dart.
There is a stone staircase leading up here.
There is a stone staircase leading up here.
The ice beast hits you but does no damage.
You climb upwards.
Level annotation: 2 runed translucent doors, Thatpatchoflichen's ghost, novice TrMo
There is a stone staircase leading down here.
You block the ice beast's attack.
You closely miss the ice beast. You block the ice beast's attack.
You sock the ice beast!
Your weapon exudes an aura of protection.
The ice beast is moderately wounded.
The ice beast hits you. The ice beast freezes you!
You block the ice beast's attack.
You hit the ice beast but do no damage.
The ice beast is moderately wounded.
The ice beast hits you.
* * * LOW HITPOINT WARNING * * *
The ice beast freezes you!
* * * LOW HITPOINT WARNING * * *
You closely miss the ice beast.
The ice beast is moderately wounded.
The ice beast barely misses you.
The ice beast hits you but does no damage.
You closely miss the ice beast.
The ice beast is moderately wounded.
The ice beast hits you but does no damage.
You hit the ice beast.
The ice beast is moderately wounded.
You block the ice beast's attack. The ice beast hits you.
You die...

#.#.#....##..##............##'##.
.........+....+.#.#........#.....
#####....##...........###'##.....
....#....##.....#.#...#...##..##.
....#...).....#.......#...######.
..............#..#....#...#...###
.........##..##..#....#...'.[.#..
###########..##.Y#..).#...#...#..
#........#.>@#..<.#########..
#........#...#...............
#........#...+...............
#........#...#............... ###
##...#######+#...............
..## #####..............#'#######
...# #..............#........
...# #..............#.>......
..########............<.#..###'##


You could see an ice beast.

Vanquished Creatures
  A wyvern (D:5)
  A water moccasin (D:4)
  An ice beast (D:6)
  A sky beast (D:4)
  3 ogres
  A necrophage (D:5)
  A kobold brigand (Sewer)
  Blork the orc (D:5)
  2 scorpions
  A howler monkey (D:6)
  A jelly (D:5)
  2 orc priests
  3 hounds
  A scorpion zombie (D:5)
  Ijyb (D:4)
  3 iguanas
  3 orc wizards
  A hound skeleton (D:5)
  A mummy (D:5)
  3 gnolls (D:6)
  9 adders
  3 river rats (Sewer)
  An ufetubus (D:4)
  An adder skeleton (D:5)
  A worm (D:3)
  9 dart slugs (D:4)
  22 orcs
  12 endoplasms
  8 giant cockroaches
  7 goblins
  4 hobgoblins
  10 jackals
  7 quokkas
  2 ball pythons
  4 bats
  3 frilled lizards
  A hobgoblin zombie (D:5)
  17 kobolds
  2 kobold zombies (D:5)
  An orc zombie (D:5)
  6 rats
162 creatures vanquished.

Notes
Turn   | Place    | Note
-------+----------+-------------------------------------------
     0 | D:1      | hilljack the Gargoyle Fighter began the quest for the Orb.
     0 | D:1      | Reached XP level 1. HP: 14/14 MP: 1/1
   139 | D:1      | Reached XP level 2. HP: 19/19 MP: 2/2
  1231 | D:2      | Found a sparkling altar of Nemelex Xobeh.
  1280 | D:2      | Found a faded altar of an unknown god.
  1287 | D:2      | Reached XP level 3. HP: 3/24 MP: 3/3
  2042 | D:2      | Reached XP level 4. HP: 29/29 MP: 4/4
  2623 | D:3      | Found a glowing drain.
  2651 | Sewer    | Entered a sewer
  2685 | Sewer    | Reached XP level 5. HP: 20/33 MP: 5/5
  2686 | Sewer    | Reached skill level 1 in Dodging
  2864 | Sewer    | Noticed a kobold brigand
  2891 | Sewer    | Gained mutation: Your mind is acute. (Int +2) [potion of
                  | mutation]
  2891 | Sewer    | Gained mutation: Your mind is very acute. (Int +4) [potion
                  | of mutation]
  2897 | Sewer    | Killed a kobold brigand
  2937 | Sewer    | Found a white marble altar of Elyvilon.
  3114 | D:3      | Reached XP level 6. HP: 36/39 MP: 6/6
  3377 | D:3      | Got Meiqolis's Reference Book on Blistering Stones
  3380 | D:3      | Learned a level 1 spell: Sandblast
  3846 | D:4      | Noticed Ijyb
  4049 | D:4      | Killed Ijyb
  4050 | D:4      | Reached skill level 1 in Earth Magic
  4187 | D:4      | Reached skill level 1 in Spellcasting
  4297 | D:4      | Found a radiant altar of Vehumet.
  4306 | D:4      | Became a worshipper of Vehumet
  4403 | D:4      | Reached skill level 2 in Earth Magic
  4492 | D:4      | Reached XP level 7. HP: 44/44 MP: 9/9
  4848 | D:4      | Reached * piety under Vehumet
  4848 | D:4      | Offered knowledge of Magic Dart by Vehumet.
  4849 | D:4      | Reached skill level 3 in Earth Magic
  4918 | D:4      | Found a blossoming altar of Fedhas.
  4983 | D:5      | Entered Level 5 of the Dungeon
  5267 | D:5      | Reached skill level 4 in Earth Magic
  5359 | D:5      | Reached XP level 8. HP: 30/48 MP: 13/13
  5454 | D:5      | Noticed Blork the orc
  5480 | D:4      | Reached skill level 5 in Earth Magic
  5540 | D:5      | Killed Blork the orc
  5713 | D:5      | Reached skill level 6 in Earth Magic
  5865 | D:5      | Found a runed translucent door.
  5879 | D:5      | Noticed Thatpatchoflichen's ghost (novice TrMo)
  6121 | D:5      | Noticed a wyvern
  6131 | D:5      | Killed a wyvern
  6132 | D:5      | Reached skill level 5 in Spellcasting
  6242 | D:5      | Reached skill level 7 in Earth Magic
  6275 | D:5      | Found a runed translucent door.
  6454 | D:5      | Found a glowing silver altar of Zin.
  6562 | D:5      | Identified the +0 leather armour of Iguzot {+Inv rC++ rCorr
                  | Int-4}
  6660 | D:6      | Identified the +2 robe of Jecluex {Rampage Dex+4}
  6936 | D:6      | Offered knowledge of Foxfire by Vehumet.
  6937 | D:6      | Reached XP level 9. HP: 49/52 MP: 17/17
  6939 | D:6      | Reached ** piety under Vehumet
  6977 | D:6      | Reached skill level 8 in Earth Magic
  7050 | D:5      | HP: 1/52 [ice beast (13)]
  7053 | D:5      | Slain by an ice beast

Illustrated notes

Levels and vault maps discovered:
D:1:      dpeg_arrival_tiny_g, layout_basic
D:2:      layout_loops_ring, hellmonk_ecumenical_altar_lost_god, basic_altar
D:3:      layout_loops_ring, serial_aquarium, aquarium_bridge_square
          [aquarium_subvault_wall, aquarium_subvault_wall,
          aquarium_subvault_bridge, aquarium_subvault_bridge],
          aquarium_window_corner, aquarium_window_corner, aquarium_window_3,
          aquarium_view_2f, gup_sewer_entry_pipe, minmay_surrounded
D:4:      kennysheep_slugbush, layout_cave_pools, fedhas_altar_4,
          old_standard_altar, uniq_ijyb
D:5:      layout_gridville, zin_statuary, serial_glass, glass_columns_a,
          glass_columns_a, glass_columns_a, glass_columns_b,
          ebering_ghost_sewer_f, minmay_mini_ossuary, uniq_blork_the_orc
D:6:      layout_loops_ring, minmay_temple_entry_sparse_star,
          minmay_misc_feat_tower

Skill      XL: |  1  2  3  4  5  6  7  8  9 |
---------------+----------------------------+-----
Armour         | 4 |  4.6
Shields        | 4 |  4.5
Fighting       | 4 |  4.5
Dodging        | 1 |  1.5
Maces & Flails | 3 |  3.3
Earth Magic    | 2 4 7 8 |  8.0
Spellcasting   | 1 3 5 6 |  6.0

Action                   |  1- 3 |  4- 6 |  7- 9 || total
-------------------------+-------+-------+-------++-------
Melee: Flail             |   112 |   267 |   213 ||   592
Throw: Javelin           |       |     4 |     5 ||     9
       Dart              |       |    64 |    59 ||   123
       Stone             |       |    21 |     1 ||    22
 Cast: Sandblast         |       |     3 |       ||     3
Evoke: Wand              |     2 |       |     3 ||     5
  Use: Scroll            |     3 |     5 |       ||     8
       Potion            |       |     5 |       ||     5
Armor: Scale mail        |    65 |       |       ||    65
       Plate armour      |     5 |   189 |       ||   194
       Robe              |       |    37 |       ||    37
       Leather armour    |       |    26 |   148 ||   174
Dodge: Dodged            |    38 |    96 |   119 ||   253
Block: Kite shield       |    71 |   222 |   155 ||   448
